 Dungeon Crawl Stone Soup version 0.28.0-43-g3370ac3207 (webtiles) character file.

Game seed: 11660687391958780813

298 mortz the Magician (level 6, -2/32 HPs)
             Began as a Deep Elf Fire Elementalist on Mar 3, 2022.
             Slain by a black bear (11 damage)
             ... on level 4 of the Dungeon.
             The game lasted 00:12:45 (3119 turns).

mortz the Magician (Deep Elf Fire Elementalist)     Turns: 3119, Time: 00:12:46

Health: -2/32      AC:  4    Str:  5    XL:     6   Next: 13%
Magic:  12/16      EV: 12    Int: 22    God:
Gold:   103        SH:  0    Dex: 21    Spells: 12/15 levels left

rFire   . . .      SeeInvis .   i - +0 short sword (flame) {short}
rCold   . . .      Faith    .   (no shield)
rNeg    + . .      Spirit   .   t - +0 leather armour
rPois   .          Reflect  .   (no helmet)
rElec   .          Harm     .   g - +0 cloak
rCorr   .          Rampage  .   (no gloves)
Will    .....                   (no boots)
Stlth   +++.......              (no amulet)
HPRegen 0.10/turn               m - ring of positive energy
MPRegen 0.15/turn               p - +6 ring of dexterity

@: no status effects
A: no striking features
a: no special abilities


You were on level 4 of the Dungeon.
You visited 1 branch of the dungeon, and saw 4 of its levels.

You collected 103 gold pieces.


   Skills:
 + Level 0.3 Fighting
 + Level 0.6 Short Blades
 + Level 0.4 Armour
 + Level 3.0 Dodging
 + Level 3.8 Stealth
 + Level 5.3 Spellcasting
 + Level 2.5 Conjurations
 + Level 4.9 Fire Magic


You had 12 spell levels left.
You knew the following spells:

 Your Spells              Type           Power      Damage    Failure   Level
a - Foxfire               Conj/Fire      88%        2x1d8     3%          1
b - Scorch                Fire           54%        2d7       3%          2

Your spell library contained the following spells:

 Spells                   Type           Power      Damage    Failure   Level
 Conjure Flame            Conj/Fire      22%        6-21      11%         3
 Inner Flame              Hex/Fire       16%        N/A       19%         3
 Flame Wave               Conj/Fire      22%        2d7       34%         4

Inventory:

Hand Weapons
 d - a +0 dagger {short}
   (You took it off a kobold on level 1 of the Dungeon)
 i - a +0 short sword of flaming (weapon) {short}
   (You took it off a kobold on level 1 of the Dungeon)
 q - a +3 dagger {short}
   (You took it off a goblin on level 3 of the Dungeon)
 s - a +1 dagger of pain {short}
   (You took it off an orc wizard on level 3 of the Dungeon)
Missiles
 b - 17 stones {throwing}
Armour
 a - a +0 robe
 g - a +0 cloak (worn)
   (You found it on level 1 of the Dungeon)
 t - a +0 leather armour (worn)
   (You took it off an orc on level 3 of the Dungeon)
Jewellery
 m - a ring of positive energy (left hand)
   (You found it on level 2 of the Dungeon)
 p - a +6 ring of dexterity (right hand)
   (You found it on level 3 of the Dungeon)
Wands
 u - a wand of flame (6)
   (You took it off Sigmund on level 4 of the Dungeon)
Scrolls
 f - a scroll of silence {unknown}
 j - a scroll of noise {unknown}
 n - a scroll of amnesia {unknown}
Potions
 c - a potion of degeneration {unknown}
 e - a potion of invisibility {unknown}
 h - 3 potions of flight {unknown}
 k - a potion of haste {unknown}
 l - 3 potions of curing {unknown}
 o - a potion of mutation {unknown}
 r - a potion of cancellation {unknown}

Dungeon Overview and Level Annotations

Branches:
Dungeon (4/15)
 Temple: D:4-7

Altars:
Ashenzari
Kikubaaqudgha
Wu Jian
Xom

.#.#.##.####.#####.#..
.#.#.##.####.##โ€
.....
.....##......##.##.##
##.#########........#
#..# #.....)..ยง...#
..## #.....#..#.#.#
### #.....#..!.#
#....)#.#h.#.#
#.....#..@v..#
###.#.....v###
....$##.## ##.##.##.#
#.##.##.# #. #.# #.#
#.#


You could see a black bear (berserk, ally target).


Message History

๐Ÿ˜• HP[-5] MP[-1]
You take 5 damage, and now have 23/28 hp.
You lost 1 mp, and now have 11/14 mp.
Casting: Foxfire (safe; 4% risk of failure)
Press: ? - help, Q - select action, (/) - cycle Dir - look around, f - activate You conjure some foxfire!
The foxfire hits something. x2 ๐Ÿ˜• MP[-1]
You lost 1 mp, and now have 10/14 mp.
Casting: Foxfire (safe; 4% risk of failure)
Press: ? - help, Q - select action, (/) - cycle Dir - look around, f - activate You conjure some foxfire!
The foxfire hits something.
Casting: Foxfire (safe; 4% risk of failure)
Press: ? - help, Q - select action, (/) - cycle Dir - look around, f - activate You conjure some foxfire!
The foxfire hits something. ๐Ÿ˜• MP[-1]
You lost 1 mp, and now have 9/14 mp.
Casting: Foxfire (safe; 4% risk of failure)
Press: ? - help, Q - select action, (/) - cycle Dir - look around, f - activate You conjure some foxfire!
The foxfire hits something!
Reactivating autopickup.
You feel a bit more experienced.
Your Dodging skill increases to level 3!
Your Spellcasting skill increases to level 5!
Your Conjurations skill increases to level 2!
You have reached level 6! ๐Ÿ˜• HP[+4]
You now have 32 max hp (+4).
You regained 4 hp, and now have 27/32 hp.
You start resting. ๐Ÿ˜• HP[+4] MP[+7]
You regained 4 hp, and now have 31/32 hp.
Your mp is fully restored (16). ๐Ÿ˜Ž HP[+1]
Your hp is fully restored (32).
A ball python comes into view.
Things that are here:
a +0 scythe {polearm}; a +0 robe; a wand of flame (6)
Casting: Foxfire (safe; 3% risk of failure)
Press: ? - help, Q - select action, (/) - cycle Dir - look around, f - activate You conjure some foxfire! ๐Ÿ˜Ž MP[-1]
You lost 1 mp, and now have 15/16 mp.
The foxfire hits the ball python!
You kill the ball python!
u - a wand of flame (6)
Things that are here:
a +0 scythe {polearm}; a +0 robe ๐Ÿ˜Ž MP[+1]
Your mp is fully restored (16).
A black bear comes into view.
The black bear growls angrily.
Casting: Foxfire (safe; 3% risk of failure)
Press: ? - help, Q - select action, (/) - cycle Dir - look around, f - activate You conjure some foxfire! ๐Ÿ˜Ž MP[-1]
You lost 1 mp, and now have 15/16 mp.
Casting: Foxfire (safe; 3% risk of failure)
Press: ? - help, Q - select action, (/) - cycle Dir - look around, f - activate
Okay, then.
The foxfire hits the black bear.
The foxfire hits the black bear!
You see here a lumpy golden potion.
Casting: Foxfire (safe; 3% risk of failure)
Press: ? - help, Q - select action, (/) - cycle Dir - look around, f - activate You conjure some foxfire! ๐Ÿ˜Ž MP[-1]
You lost 1 mp, and now have 14/16 mp.
Casting: Foxfire (safe; 3% risk of failure)
Press: ? - help, Q - select action, (/) - cycle Dir - look around, f - activate You conjure some foxfire!
The foxfire hits the black bear.
The foxfire hits the black bear!
The black bear goes berserk!
Casting: Foxfire (safe; 3% risk of failure)
Press: ? - help, Q - select action, (/) - cycle Dir - look around, f - activate You conjure some foxfire!
The foxfire hits the black bear. x2; The black bear bites you.
The black bear closely misses you.
The black bear claws you. ๐Ÿ˜• HP[-4] MP[-1]
You take 4 damage, and now have 28/32 hp.
You lost 1 mp, and now have 13/16 mp.
You hit the black bear. You burn the black bear.
The foxfire hits the black bear.
The foxfire hits the black bear but does no damage.
The black bear misses you. The black bear claws you.
The black bear closely misses you. The black bear bites you.
The black bear claws you.
* * * LOW HITPOINT WARNING * * *
The black bear claws you.
* * * LOW HITPOINT WARNING * * *
๐Ÿ˜ฑ HP[-20]
You take 20 damage, and now have 8/32 hp.
MASSIVE DAMAGE!! (PAUSE)
Casting: Foxfire (safe; 3% risk of failure)
Press: ? - help, Q - select action, (/) - cycle Dir - look around, f - activate You conjure some foxfire!
The black bear bites you!
You die...

Skill      XL: |  1  2  3  4  5 |
---------------+----------------+-----
Fire Magic     | 4 |  4.9
Stealth        | 3 |  3.8
Spellcasting   | 4 5 |  5.3
Dodging        | 3 |  3.0
Conjurations   | 2 |  2.5
Fighting       | |  0.3
Short Blades   | |  0.6
Armour         | |  0.4

Action                   |  1- 3 |  4- 6 || total
-------------------------+-------+-------++-------
Melee: Dagger            |    11 |       ||    11
       Short sword       |     7 |     3 ||    10
       Punch             |     1 |       ||     1
 Cast: Foxfire           |    60 |    43 ||   103
Armor: Robe              |     6 |       ||     6
Dodge: Dodged            |    20 |     5 ||    25

Levels and vault maps discovered:
D:1:      zaba_arrival_water, layout_basic,
          shapermc_ecumenical_altar_mp_ritualfount, nrook_mini_vaults,
          feat_on_display
D:2:      layout_basic, basic_altar
D:3:      layout_basic, nicolae_overflow_hidden_temple,
          chequers_serial_rivers_micro_c, grunt_ministairs_1
D:4:      layout_loops_cross, lightli_temple_of_fire,
          lemuel_coloured_pillars_altar, cheibrodos_ashenzari_chains,
          gammafunk_temple_overflow_statue, nzn_wu_jian_contemplation,
          minmay_temple_entry_fiery, uniq_sigmund

Notes
Turn   | Place    | Note
-------+----------+-------------------------------------------
     0 | D:1      | mortz the Deep Elf Fire Elementalist began the quest for
                  | the Orb.
     0 | D:1      | Reached XP level 1. HP: 10/10 MP: 6/6
     0 | D:1      | magus.rc [v1.9.6]
   139 | D:1      | Reached XP level 2. HP: 15/15 MP: 6/8
   372 | D:1      | Found a faded altar of an unknown god.
   552 | D:1      | Learned a level 2 spell: Scorch
  1173 | D:2      | Reached skill level 4 in Fire Magic
  1173 | D:2      | Reached XP level 3. HP: 15/19 MP: 6/10
  1427 | D:2      | Found a shimmering altar of Xom.
  1659 | D:2      | Reached skill level 3 in Stealth
  1966 | D:3      | Reached skill level 4 in Spellcasting
  1966 | D:3      | Reached XP level 4. HP: 24/24 MP: 7/12
  2366 | D:3      | Reached XP level 5. HP: 28/28 MP: 5/13
  2620 | D:3      | Found an ancient bone altar of Kikubaaqudgha.
  2943 | D:4      | Found a broken altar of Ashenzari.
  2978 | D:4      | Found an ornate altar of the Wu Jian Council.
  3038 | D:4      | Noticed Sigmund
  3053 | D:4      | Killed Sigmund
  3054 | D:4      | Reached skill level 3 in Dodging
  3054 | D:4      | Reached skill level 5 in Spellcasting
  3054 | D:4      | Reached skill level 2 in Conjurations
  3054 | D:4      | Reached XP level 6. HP: 27/32 MP: 9/16
  3118 | D:4      | HP: 8/32 [black bear (5)]
  3119 | D:4      | Slain by a black bear

Vanquished Creatures
  Sigmund (D:4)
  2 orc wizards (D:3)
  2 adders
  2 worms
  3 dart slugs
  7 orcs (D:3)
  5 bats
  6 endoplasms
  2 giant cockroaches (D:1)
  5 goblins
  6 hobgoblins
  4 quokkas
  5 ball pythons
  2 frilled lizards
  5 kobolds
  3 rats
60 creatures vanquished.

Vanquished Creatures (collateral kills)
  2 foxfires (D:1)
2 creatures vanquished.

Vanquished Creatures (others)
  183 foxfires
183 creatures vanquished.

Grand Total: 245 creatures vanquished

Table legend:
 A = Non-vault XP
 B = Vault XP
 C = Vault XP percentage of total XP
 D = Non-vault monster count
 E = Vault monster count
 F = Vault count percentage of total count
                 A         B        C        D         E       F
            +---------+---------+-------+---------+---------+-------
      Total |     209 |     217 |  50.9 |      57 |       3 |   5.0
            +---------+---------+-------+---------+---------+-------
        D:1 |      40 |       0 |   0.0 |      22 |       0 |   0.0
        D:2 |      36 |       0 |   0.0 |      11 |       0 |   0.0
        D:3 |     125 |       5 |   3.8 |      20 |       2 |   9.1
        D:4 |       8 |     212 |  96.4 |       4 |       1 |  20.0
            +---------+---------+-------+---------+---------+-------

Illustrated notes

Table legend:
 A = Kills in this place as a percentage of kills in entire the game.
 B = Kills by you in this place as a percentage of kills by you in the entire game.
 C = Kills by friends in this place as a percentage of kills by friends in the entire game.
 D = Other kills in this place as a percentage of other kills in the entire game.
 E = Experience gained in this place as a percentage of experience gained in the entire game.
 F = Experience gained in this place divided by the number of levels of this place that you have seen.
                   A       B       C       D       E      F
               +-------+-------+-------+-------+-------+----------------------
         Total | 100.0 | 100.0 |   N/A |   N/A | 100.0 | 106.5
       Dungeon | 100.0 | 100.0 |   N/A |   N/A | 100.0 | 106.5
               +-------+-------+-------+-------+-------+----------------------

Table legend: (Time is in decaauts)
 A = Elapsed time spent in this place.
 B = Non-inter-level travel time spent in this place.
 C = Inter-level travel time spent in this place.
 D = Time resting spent in this place.
 E = Time spent auto-exploring this place.
 F = Levels seen in this place.
 G = Mean time per level.
                   A        B        C        D        E       F      G
               +--------+--------+--------+--------+--------+-----+--------+
         Total |   3124 |   3019 |    105 |    708 |   1950 |   4 |  781.0 |
       Dungeon |   3124 |   3019 |    105 |    708 |   1950 |   4 |  781.0 |
               +--------+--------+--------+--------+--------+-----+--------+

Top non-repeatable levels by time:
     D:1: 1140 daAuts
     D:3: 1048 daAuts
     D:2: 759 daAuts
     D:4: 175 daAuts
